HBL
ROCHESTER RED WINGS @ BROOKLYN CYCLONES
07/08/1997
 
TOP OF THE 1ST
Rochester Red Wings batting - Pitching for Brooklyn Cyclones : LHP Matt Perisho
Pitching: LHP Matt Perisho
Batting: RHB Terrell Lowery 0-0: Called Strike
0-1: Foul Ball, location: 2F
0-2: Ball
1-2: Strikes out swinging
Batting: RHB Damon Mashore 0-0: Called Strike
0-1: Ball
1-1: Ball
2-1: Called Strike
2-2: Strikes out looking
Batting: RHB Rich Aurilia 0-0: Ball
1-0: Swinging Strike
1-1: Ball
2-1: Called Strike
2-2: Foul Ball, location: 2F
2-2: Ball
3-2: Ground out 5-3 (Groundball, 56S, EV 86.3 MPH)
Top of the 1st over - 0 runs, 0 hits, 0 errors, 0 left on base; Rochester 0 - Brooklyn 0
BOTTOM OF THE 1ST
Brooklyn Cyclones batting - Pitching for Rochester Red Wings : RHP Jose Mercedes
Pitching: RHP Jose Mercedes
Batting: LHB Ray Giannelli 0-0: Ball
1-0: Ball
2-0: Ball
3-0: Base on Balls
Batting: RHB Brent Cookson 0-0: Ball
1-0: Grounds into double play, 6-4-3 (Groundball, 56, EV 83.1 MPH)
Batting: SHB Turner Ward 0-0: Ground out 4-3 (Groundball, 34, EV 100.6 MPH)
Bottom of the 1st over - 0 runs, 0 hits, 0 errors, 0 left on base; Rochester 0 - Brooklyn 0
TOP OF THE 2ND
Rochester Red Wings batting - Pitching for Brooklyn Cyclones : LHP Matt Perisho
Batting: RHB Jacob Brumfield 0-0: Called Strike
0-1: Called Strike
0-2: Ball
1-2: Ball
2-2: SOLO HOME RUN (Flyball, 78XD, EV 103.8 MPH), Distance : 415 ft
Batting: RHB Tim Unroe 0-0: Foul Ball, location: 2F
0-1: Foul Ball, location: 2F
0-2: Ball
1-2: Foul Ball, location: 2F
1-2: Ball
2-2: SINGLE (Groundball, 6MD, EV 101.9 MPH)
Batting: RHB Scott Sheldon 0-0: Ball
1-0: Ball
2-0: Foul Ball, location: 2F
2-1: Called Strike
2-2: Foul Ball, location: 2F
2-2: Foul Ball, location: 2F
2-2: Ball
3-2: Foul Ball, location: 2F
3-2: Fly out, F7 (Flyball, 7LSF, EV 88.1 MPH)
Batting: LHB Tom Lampkin 0-0: Ball
1-0: Called Strike
1-1: Foul Ball, location: 2F
1-2: Ball
2-2: Foul Ball, location: 2F
2-2: Foul Ball, location: 2F
2-2: Ball
3-2: Foul Ball, location: 2F
3-2: SINGLE (Groundball, 3D, EV 101.3 MPH)
Tim Unroe to second
Runner from 2nd tries for 3rd, SAFE, no throw by RF
Batting: LHB Kevin Koslofski 0-0: Ball
1-0: Ball
2-0: Ball
3-0: Called Strike
3-1: Foul Ball, location: 2F
3-2: SINGLE (Line Drive, 7S, EV 90.6 MPH)
Tim Unroe scores
Tom Lampkin to second
Batting: RHB Tripp Cromer 0-0: Called Strike
0-1: Fly out, F6 (Popup, 6M, EV 56.9 MPH)
Batting: RHB Terrell Lowery 0-0: Foul Ball, location: 2F
0-1: Swinging Strike
0-2: Strikes out swinging
Top of the 2nd over - 2 runs, 4 hits, 0 errors, 2 left on base; Rochester 2 - Brooklyn 0
BOTTOM OF THE 2ND
Brooklyn Cyclones batting - Pitching for Rochester Red Wings : RHP Jose Mercedes
Batting: LHB Greg Blosser 0-0: Ball
1-0: Ground out U3 (Groundball, 3, EV 86.9 MPH)
Batting: LHB Mike A. Bell 0-0: Swinging Strike
0-1: Fly out, F8 (Flyball, 8LXD, EV 87.5 MPH)
Batting: RHB Mike R. Fitzgerald 0-0: Foul Ball, location: 2F
0-1: Foul Ball, location: 2F
0-2: Fly out, F7 (Flyball, 78S, EV 90.6 MPH)
Bottom of the 2nd over - 0 runs, 0 hits, 0 errors, 0 left on base; Rochester 2 - Brooklyn 0
TOP OF THE 3RD
Rochester Red Wings batting - Pitching for Brooklyn Cyclones : LHP Matt Perisho
Batting: RHB Damon Mashore 0-0: Ball
1-0: SINGLE (Groundball, 6MD, EV 101.3 MPH)
Batting: RHB Rich Aurilia 0-0: Called Strike
0-1: Swinging Strike
0-2: Ball
1-2: Ball
2-2: Ball
3-2: Strikes out swinging
Damon Mashore steals 2nd base
Batter strikes out.
Pitching: RHP Manny Aybar
Batting: RHB Jacob Brumfield 0-0: Ball
1-0: Called Strike
1-1: Foul Ball, location: 2F
1-2: Foul Ball, location: 2F
1-2: Foul Ball, location: 2F
1-2: Foul Ball, location: 2F
1-2: Ball
2-2: Ball
3-2: Fly out, F9 (Flyball, 89M, EV 80.0 MPH)
Batting: RHB Tim Unroe 0-0: Ball
1-0: Swinging Strike
1-1: Called Strike
1-2: Strikes out swinging
Top of the 3rd over - 0 runs, 1 hit, 0 errors, 1 left on base; Rochester 2 - Brooklyn 0
BOTTOM OF THE 3RD
Brooklyn Cyclones batting - Pitching for Rochester Red Wings : RHP Jose Mercedes
Batting: RHB Kevin Flora 0-0: Called Strike
0-1: Swinging Strike
0-2: Ball
1-2: Foul Ball, location: 2F
1-2: Ball
2-2: Foul Ball, location: 2F
2-2: Foul Ball, location: 2F
2-2: Strikes out looking
Batting: RHB Mike Glendenning 0-0: Ball
1-0: Called Strike
1-1: Swinging Strike
1-2: Ball
2-2: Strikes out swinging
Batting: SHB Andres Santana 0-0: Ball
1-0: Called Strike
1-1: Ball
2-1: Foul Ball, location: 2F
2-2: Ball
3-2: Ground out 3-1 (Groundball, 34, EV 101.3 MPH)
Bottom of the 3rd over - 0 runs, 0 hits, 0 errors, 0 left on base; Rochester 2 - Brooklyn 0
TOP OF THE 4TH
Rochester Red Wings batting - Pitching for Brooklyn Cyclones : RHP Manny Aybar
Batting: RHB Scott Sheldon 0-0: Ball
1-0: Ground out 1-3 (Groundball, P, EV 92.5 MPH)
Pitching: LHP Zane Smith
Batting: LHB Tom Lampkin 0-0: Called Strike
0-1: Foul Ball, location: 2F
0-2: Ball
1-2: Fly out, F5 (Popup, 56S, EV 74.4 MPH)
Batting: LHB Kevin Koslofski 0-0: Called Strike
0-1: Called Strike
0-2: Ball
1-2: Foul Ball, location: 2F
1-2: Ball
2-2: Fly out, F7 (Line Drive, 7D, EV 89.4 MPH)
Top of the 4th over - 0 runs, 0 hits, 0 errors, 0 left on base; Rochester 2 - Brooklyn 0
BOTTOM OF THE 4TH
Brooklyn Cyclones batting - Pitching for Rochester Red Wings : RHP Jose Mercedes
Batting: LHB Ray Giannelli 0-0: Called Strike
0-1: Swinging Strike
0-2: Ground out U3 (Groundball, 3, EV 88.1 MPH)
Batting: RHB Brent Cookson 0-0: Called Strike
0-1: Called Strike
0-2: Ball
1-2: Strikes out looking
Batting: SHB Turner Ward 0-0: Foul Ball, location: 2F
0-1: Ball
1-1: Called Strike
1-2: Ball
2-2: Foul Ball, location: 2F
2-2: Ball
3-2: Strikes out swinging
Bottom of the 4th over - 0 runs, 0 hits, 0 errors, 0 left on base; Rochester 2 - Brooklyn 0
TOP OF THE 5TH
Rochester Red Wings batting - Pitching for Brooklyn Cyclones : LHP Zane Smith
Batting: RHB Tripp Cromer 0-0: Ball
1-0: Foul Ball, location: 2F
1-1: Ground out 6-3 (Groundball, 56, EV 105.0 MPH)
Batting: RHB Terrell Lowery 0-0: Ball
1-0: Fly out, F8 (Line Drive, 8RD, EV 95.6 MPH)
Pitching: RHP Steve Reed
Batting: RHB Damon Mashore 0-0: SINGLE (Flyball, 78S, EV 92.5 MPH)
Batting: RHB Rich Aurilia 0-0: SINGLE (Flyball, 8RS, EV 96.3 MPH)
Damon Mashore to second
Batting: RHB Jacob Brumfield 0-0: Swinging Strike
0-1: Ball
1-1: Ball
2-1: Foul Ball, location: 2F
2-2: Foul Ball, location: 2F
2-2: Foul Ball, location: 2F
2-2: Strikes out swinging
Top of the 5th over - 0 runs, 2 hits, 0 errors, 2 left on base; Rochester 2 - Brooklyn 0
BOTTOM OF THE 5TH
Brooklyn Cyclones batting - Pitching for Rochester Red Wings : RHP Jose Mercedes
Batting: LHB Greg Blosser 0-0: Ball
1-0: Ball
2-0: Called Strike
2-1: SOLO HOME RUN (Flyball, 9D, EV 101.3 MPH), Distance : 401 ft
Batting: LHB Mike A. Bell 0-0: Ball
1-0: Ball
2-0: Ground out 2-3 (Groundball, 13S, EV 73.8 MPH)
Batting: RHB Mike R. Fitzgerald 0-0: Ball
1-0: Fly out, F4 (Popup, 13S, EV 84.4 MPH)
Batting: RHB Kevin Flora 0-0: Ball
1-0: Called Strike
1-1: SINGLE (Groundball, 56D, EV 106.9 MPH)
Batting: RHB Mike Glendenning 0-0: Called Strike
0-1: Ball
1-1: Foul Ball, location: 2F
1-2: SINGLE (Line Drive, 9S, EV 93.1 MPH)
Kevin Flora to second
Runner from 2nd tries for 3rd, SAFE, throw by RF made to third
Batting: SHB Andres Santana 0-0: Called Strike
0-1: Ball
1-1: Foul Ball, location: 2F
1-2: Ball
2-2: Ball
3-2: Foul Ball, location: 2F
3-2: Ground out 4-3 (Groundball, 34, EV 111.3 MPH)
Bottom of the 5th over - 1 run, 3 hits, 0 errors, 2 left on base; Rochester 2 - Brooklyn 1
TOP OF THE 6TH
Rochester Red Wings batting - Pitching for Brooklyn Cyclones : RHP Steve Reed
Batting: RHB Tim Unroe 0-0: Foul Ball, location: 2F
0-1: Fly out, F7 (Flyball, 7LM, EV 90.0 MPH)
Batting: RHB Scott Sheldon 0-0: Ball
1-0: Called Strike
1-1: Fly out, F6 (Line Drive, 6, EV 69.4 MPH)
Batting: LHB Tom Lampkin 0-0: Called Strike
0-1: Foul Ball, location: 2F
0-2: Ball
1-2: Strikes out looking
Top of the 6th over - 0 runs, 0 hits, 0 errors, 0 left on base; Rochester 2 - Brooklyn 1
BOTTOM OF THE 6TH
Brooklyn Cyclones batting - Pitching for Rochester Red Wings : RHP Jose Mercedes
Batting: LHB Ray Giannelli 0-0: Ball
1-0: Ball
2-0: Ground out 5-3 (Groundball, 56S, EV 85.6 MPH)
Batting: RHB Brent Cookson 0-0: Fly out, F7 (Flyball, 7LS, EV 98.1 MPH)
Batting: SHB Turner Ward 0-0: Called Strike
0-1: Foul Ball, location: 2F
0-2: Ball
1-2: Foul Ball, location: 2F
1-2: Ball
2-2: Foul Ball, location: 2F
2-2: Foul Ball, location: 2F
2-2: Ground out 6-3 (Groundball, 56, EV 93.1 MPH)
Bottom of the 6th over - 0 runs, 0 hits, 0 errors, 0 left on base; Rochester 2 - Brooklyn 1
TOP OF THE 7TH
Rochester Red Wings batting - Pitching for Brooklyn Cyclones : RHP Steve Reed
Pitching: RHP Todd Erdos
Batting: LHB Kevin Koslofski 0-0: Ball
1-0: Foul Ball, location: 2F
1-1: Ground out 1-3 (Groundball, 34S, EV 85.6 MPH)
Batting: RHB Tripp Cromer 0-0: Ground out 5-3 (Groundball, 56, EV 108.1 MPH)
Batting: RHB Terrell Lowery 0-0: Ball
1-0: Swinging Strike
1-1: Ball
2-1: SINGLE (Groundball, 34D, EV 95.6 MPH)
Batting: RHB Damon Mashore 0-0: Foul Ball, location: 2F
0-1: Ball
1-1: Ball
2-1: Foul Ball, location: 2F
2-2: SINGLE (Groundball, 4M, EV 101.3 MPH) (infield hit)
Terrell Lowery to second
Batting: RHB Rich Aurilia 0-0: 3-RUN HOME RUN (Flyball, 7D, EV 103.1 MPH), Distance : 367 ft
Pitching: RHP Darren Dreifort
Batting: RHB Jacob Brumfield 0-0: Ball
1-0: Foul Ball, location: 2F
1-1: Ball
2-1: Ball
3-1: SINGLE (Line Drive, 6MD, EV 111.9 MPH)
Batting: RHB Tim Unroe 0-0: Ball
1-0: Ball
2-0: Swinging Strike
2-1: Called Strike
2-2: Foul Ball, location: 2F
2-2: Foul Ball, location: 2F
2-2: SINGLE (Groundball, 34, EV 98.8 MPH) (infield hit)
Jacob Brumfield to second
Batting: RHB Scott Sheldon 0-0: Called Strike
0-1: Ball
1-1: Foul Ball, location: 2F
1-2: Ball
2-2: Foul Ball, location: 2F
2-2: Strikes out swinging
Top of the 7th over - 3 runs, 5 hits, 0 errors, 2 left on base; Rochester 5 - Brooklyn 1
BOTTOM OF THE 7TH
Brooklyn Cyclones batting - Pitching for Rochester Red Wings : RHP Jose Mercedes
Batting: LHB Greg Blosser 0-0: Ball
1-0: Ball
2-0: Ball
3-0: Called Strike
3-1: Foul Ball, location: 2F
3-2: Base on Balls
Batting: LHB Mike A. Bell 0-0: Ball
1-0: Ball
2-0: Fielders Choice at 2nd, 4-6 (Groundball, 4, EV 90.6 MPH)
Batting: RHB Mike R. Fitzgerald 0-0: Ball
1-0: Ball
2-0: Swinging Strike
2-1: Foul Ball, location: 2F
2-2: Strikes out swinging
Batting: RHB Kevin Flora 0-0: Called Strike
0-1: Swinging Strike
0-2: Ground out 5-3 (Groundball, 5S, EV 89.4 MPH)
Bottom of the 7th over - 0 runs, 0 hits, 0 errors, 1 left on base; Rochester 5 - Brooklyn 1
TOP OF THE 8TH
Rochester Red Wings batting - Pitching for Brooklyn Cyclones : RHP Darren Dreifort
Batting: LHB Tom Lampkin 0-0: Foul Ball, location: 2F
0-1: SINGLE (Line Drive, 9LS, EV 95.0 MPH)
Pitching: RHP Curt Lyons
Batting: LHB Kevin Koslofski 0-0: Bunted foul
0-1: Bunted foul
0-2: SINGLE (Flyball, 7LS, EV 90.6 MPH)
Tom Lampkin to second
Pitching: RHP Jose Cabrera
Batting: RHB Tripp Cromer 0-0: Foul Ball, location: 2F
0-1: Foul Ball, location: 2F
0-2: Ball
1-2: Ball
2-2: Ball
3-2: Strikes out swinging
Batting: RHB Terrell Lowery 0-0: Called Strike
0-1: TRIPLE (Flyball, 8LXD, EV 96.3 MPH)
Tom Lampkin scores
Kevin Koslofski scores
Batting: RHB Damon Mashore 0-0: Called Strike
0-1: Swinging Strike
0-2: Foul Ball, location: 2F
0-2: Ball
1-2: Foul Ball, location: 2F
1-2: Strikes out looking
Batting: RHB Rich Aurilia 0-0: Ball
1-0: Called Strike
1-1: Ball
2-1: Swinging Strike
2-2: Foul Ball, location: 2F
2-2: Foul Ball, location: 2F
2-2: Foul Ball, location: 2F
2-2: Foul Ball, location: 2F
2-2: Ball
3-2: Base on Balls
Batting: RHB Jacob Brumfield 0-0: Ball
1-0: Ball
2-0: Ball
Wild Pitch!
Terrell Lowery scores
Rich Aurilia to second
3-0: Called Strike
3-1: Base on Balls
Batting: RHB Tim Unroe 0-0: Ball
1-0: Swinging Strike
1-1: Called Strike
1-2: Foul Ball, location: 2F
1-2: Foul Ball, location: 2F
1-2: Strikes out swinging
Top of the 8th over - 3 runs, 3 hits, 0 errors, 2 left on base; Rochester 8 - Brooklyn 1
BOTTOM OF THE 8TH
Brooklyn Cyclones batting - Pitching for Rochester Red Wings : RHP Jose Mercedes
Batting: RHB Mike Glendenning 0-0: Fly out, F8 (Flyball, 8RM, EV 86.3 MPH)
Batting: SHB Andres Santana 0-0: Swinging Strike
0-1: Fly out, F9 (Flyball, 9S, EV 86.3 MPH)
Pinch Hitting: RHB Tim Belk 0-0: Foul Ball, location: 2F
0-1: Ball
1-1: Foul Ball, location: 2F
1-2: Ball
2-2: Ground out 6-3 (Groundball, 6, EV 88.8 MPH)
Bottom of the 8th over - 0 runs, 0 hits, 0 errors, 0 left on base; Rochester 8 - Brooklyn 1
TOP OF THE 9TH
Rochester Red Wings batting - Pitching for Brooklyn Cyclones : RHP Jose Cabrera
Now at 1B: Tim Belk
Batting: RHB Scott Sheldon 0-0: Ball
1-0: Called Strike
1-1: Swinging Strike
1-2: Ball
2-2: SINGLE (Line Drive, 78M, EV 93.1 MPH)
Batting: LHB Tom Lampkin 0-0: Called Strike
0-1: Ball
1-1: Called Strike
1-2: Foul Ball, location: 2F
1-2: Ball
2-2: Foul Ball, location: 2F
2-2: Ball
3-2: Foul Ball, location: 2F
3-2: Base on Balls
Scott Sheldon to second
Batting: LHB Kevin Koslofski 0-0: Called Strike
0-1: Foul Ball, location: 2F
0-2: Foul Ball, location: 2F
0-2: Ball
1-2: Ball
2-2: SINGLE (Groundball, 4MD, EV 100.6 MPH)
Scott Sheldon to third
Tom Lampkin to second
Batting: RHB Tripp Cromer 0-0: SINGLE (Groundball, 4MD, EV 96.9 MPH)
Scott Sheldon scores
Tom Lampkin to third
Kevin Koslofski to second
Batting: RHB Terrell Lowery 0-0: Fielders Choice at 2nd, 6-4 (Groundball, 6, EV 88.8 MPH)
Tom Lampkin scores
Kevin Koslofski to third
Batting: RHB Damon Mashore 0-0: Ball
1-0: Ball
2-0: DOUBLE (Flyball, 78XD, EV 98.1 MPH)
Kevin Koslofski scores
Terrell Lowery to third
Pitching: RHP Jim Mecir
Pinch Hitting: RHB Rex Hudler 0-0: SINGLE (Line Drive, 7S, EV 90.6 MPH)
Terrell Lowery scores
Damon Mashore to third
Pinch Hitting: RHB Darren Reed 0-0: Called Strike
0-1: Foul Ball, location: 2F
0-2: SINGLE (Line Drive, 8RS, EV 110.0 MPH)
Damon Mashore scores
Rex Hudler to second
Batting: RHB Tim Unroe 0-0: Ball
1-0: Foul Ball, location: 2F
1-1: Foul Ball, location: 2F
1-2: Strikes out swinging
Batting: RHB Scott Sheldon 0-0: SINGLE (Groundball, 6MS, EV 70.0 MPH) (infield hit)
Rex Hudler to third
Darren Reed to second
Batting: LHB Tom Lampkin 0-0: Called Strike
0-1: DOUBLE (Flyball, 78D, EV 106.9 MPH)
Rex Hudler scores
Darren Reed scores
Scott Sheldon to third
Batting: LHB Kevin Koslofski 0-0: Ball
1-0: Called Strike
1-1: Foul Ball, location: 2F
1-2: Fly out, F9 (Flyball, 89M, EV 90.0 MPH)
Top of the 9th over - 7 runs, 8 hits, 0 errors, 2 left on base; Rochester 15 - Brooklyn 1
BOTTOM OF THE 9TH
Brooklyn Cyclones batting - Pitching for Rochester Red Wings : RHP Jose Mercedes
Now at 2B: Rex Hudler
Now in CF: Darren Reed
Batting: RHB Brent Cookson 0-0: Ball
1-0: Foul Ball, location: 2F
1-1: Ball
2-1: Ball
3-1: SINGLE (Groundball, 4MD, EV 96.3 MPH)
Batting: SHB Turner Ward 0-0: Ball
1-0: Ball
2-0: Called Strike
2-1: Foul Ball, location: 2F
2-2: Foul Ball, location: 2F
2-2: Ball
3-2: Strikes out looking
Batting: LHB Greg Blosser 0-0: Ball
1-0: Called Strike
1-1: Ball
2-1: Swinging Strike
2-2: Strikes out swinging
Pitching: LHP Brad Woodall
Batting: LHB Mike A. Bell 0-0: Ball
1-0: Swinging Strike
1-1: Swinging Strike
1-2: Strikes out swinging
Bottom of the 9th over - 0 runs, 1 hit, 0 errors, 1 left on base; Rochester 15 - Brooklyn 1
Friday, March 6th, 2026 - OOTP Baseball 20.8 Build 74